 Seeded DCSS version 0.30.1-4-g462c640d31 (webtiles) character file.

Game seed: 6351066067085065685 (custom seed)

16 Esekla the Grave Robber (level 2, 0/15 HPs)
             Began as a Deep Elf Necromancer on Aug 27, 2023.
             Was an Initiate of Vehumet.
             Slain by an orc
             ... wielding a +0 whip
              (5 damage)
             ... on level 3 of the Dungeon.
             The game lasted 00:08:33 (1451 turns).

Esekla the Grave Robber (Deep Elf Necromancer)      Turns: 1451, Time: 00:08:34

Health: 0/15       AC:  4    Str:  5    XL:     2   Next: 37%
Magic:  8/8        EV: 12    Int: 19    God:    Vehumet [......]
Gold:   119        SH:  0    Dex: 15    Spells: 6/7 levels left

rFire   . . .        c - +0 short sword
rCold   . . .        (no shield)
rNeg    . . .        a - +0 robe
rPois   .            i - +0 helmet
rElec   .            (no cloak)
rCorr   .            l - +0 pair of gloves
SInv    .            (no boots)
Will    .....        (no amulet)
Stlth   ++           (no ring)
HPRegen 0.22/turn    (no ring)
MPRegen 0.11/turn

%: no passive effects
@: no status effects
A: no striking features
a: Renounce Religion


You were on level 3 of the Dungeon.
You worshipped Vehumet.
Vehumet was noncommittal.
You visited 1 branch of the dungeon, and saw 4 of its levels.

You collected 119 gold pieces.

Inventory:

Hand Weapons
 c - a +0 short sword (weapon)
Armour
 a - a +0 robe (worn)
 i - a +0 helmet (worn)
 l - a +0 pair of gloves (worn)
Scrolls
 f - 3 scrolls of identify {unknown}
 k - 2 scrolls of enchant weapon {unknown}
 n - a scroll of amnesia {unknown}
 o - a scroll of enchant armour {unknown}
Potions
 b - a potion of magic
 d - a potion of ambrosia {unknown}
 g - a potion of haste {unknown}
 h - a potion of curing {unknown}
 j - a potion of mutation {unknown}
 m - a potion of attraction {unknown}


   Skills:
 + Level 0.3 Short Blades
 * Level 2.5 Dodging
 + Level 3.2 Stealth
 * Level 3.2 Spellcasting
 + Level 4.9 Necromancy


You had 6 spell levels left.
You knew the following spells:

 Your Spells              Type           Power      Damage    Failure   Level
a - Necrotise             Necr           88%        1d8       1%          1

Your spell library contained the following spells:

 Spells                   Type           Power      Damage    Failure   Level
 Vampiric Draining        Necr           22%        2d7       6%          3
 Animate Dead             Necr           22%        N/A       19%         4
 Agony                    Necr           22%        N/A       47%         5


Dungeon Overview and Level Annotations

Branches:
Dungeon (4/15)
 Temple: D:4-7

Altars:
Okawaru
Vehumet
Zin

Shops:
D:4 (


Message History

The orc is almost dead.
The orc hits you but does no damage.
You hit the orc.
You kill the orc!
Vehumet accepts your kill.
Things that are here:
a +0 dagger; a +0 leather armour; an orc corpse An orc comes into view.
It is wielding a +0 whip.
The orc hits you with a +0 whip.
You hit the orc.
The orc is moderately wounded.
The orc hits you with a +0 whip.
You closely miss the orc.
The orc is moderately wounded.
The orc hits you with a +0 whip.
You barely miss the orc.
The orc is moderately wounded.
The orc hits you with a +0 whip.
You closely miss the orc. You punch the orc, but do no damage.
The orc is moderately wounded.
The orc hits you with a +0 whip.
You closely miss the orc.
The orc is moderately wounded.
The orc hits you but does no damage.
You hit the orc but do no damage.
The orc is moderately wounded.
You hear a shout!
An orc comes into view. It is wielding a +0 whip.
The orc attacks as you move away! The orc hits you with a +0 whip.
* * * LOW HITPOINT WARNING * * *
Things that are here:
a +0 dagger; a +0 leather armour; an orc corpse
Okay, then.
As you read the scroll labelled QOIXKOT YTEE, it crumbles to dust.
You assume a fearsome visage.
The orc looks frightened!
The orc resists with some effort.
It was a scroll of fear.
You hit the orc.
The orc is severely wounded.
The orc hits you with a +0 whip.
You die...

#.##. ##.#.# #.#.. ..#.#.###
#.#..####..#......
#.##..##..##...... ####
#..#...o..#†...... ...#
#..##....##....... ##.#
#o..#....#........ ##.#####
#o#.........##+### .......#
#@######....##.#
.......#########.######....##.#
.............................>#
.......######################.#
.......# #.# .......# #.#
.......# ########### #.#
.......# #.........# #.#
.####### #.........######.#


You could see 2 orcs.

Vanquished Creatures
  A dart slug (D:3)
  An orc (D:3)
  A ball python (D:1)
  An endoplasm (D:3)
  2 goblins (D:3)
  A hobgoblin (D:3)
  2 bats (D:3)
  2 frilled lizards
  2 kobolds
13 creatures vanquished.

Notes
Turn   | Place    | Note
-------+----------+-------------------------------------------
     0 | D:1      | Esekla the Deep Elf Necromancer began the quest for the
                  | Orb.
     0 | D:1      | Reached XP level 1. HP: 10/10 MP: 6/6
   498 | D:4      | Found a radiant altar of Vehumet.
   509 | D:4      | Found an iron altar of Okawaru.
   521 | D:4      | Found a glowing silver altar of Zin.
   635 | D:4      | Found Ponaysk's Antique Weapon Boutique.
   800 | D:4      | Became a worshipper of Vehumet
  1196 | D:3      | Reached XP level 2. HP: 14/15 MP: 8/8
  1451 | D:3      | Slain by an orc

Illustrated notes

Levels and vault maps discovered:
D:1:      sevenhm_arrival_forest_fort_small_3, layout_rooms,
          chequers_serial_rivers_room_b, minmay_misc_feat_five
D:2:      layout_loops_ring, dreamdust_ecumenical_altar_angels_and_demons,
          serial_shops, shop
D:3:      layout_basic, grunt_temple_overflow_open, minmay_misc_feat_iff
D:4:      layout_basic, nicolae_overflow_quartered_altars, serial_shops,
          nicolae_diamond_shop

Skill      XL: |  1 |
---------------+----+-----
Stealth        | 3 |  3.2
Short Blades   | |  0.3
Dodging        | |  2.5
Spellcasting   | |  3.2
Necromancy     | |  4.9

Action                     || total
---------------------------++-------
  Melee: Short sword       ||    60
         Unarmed           ||     9
         Punch             ||     1
    Use: Scroll            ||     1
   Stab: Sleeping          ||     3
 Armour: Robe              ||    22
  Dodge: Dodged            ||    43
